 Dungeon Crawl Stone Soup version 0.27-a0-1590-g15f69828bf (webtiles) character file.

Game seed: 7825151582105678001

198 duskshroud the Poker (level 6, 0/49 HPs)
             Began as a Human Fighter on July 19, 2021.
             Slain by an orc priest (4 damage)
             ... on level 3 of the Dungeon.
             The game lasted 00:09:10 (2821 turns).

duskshroud the Poker (Human Fighter)                Turns: 2821, Time: 00:09:11

Health: 0/49       AC:  6    Str: 18    XL:     6   Next: 6%
Magic:  6/6        EV:  9    Int:  9    God:
Gold:   169        SH:  0    Dex: 12    Spells: 5/5 levels left

rFire    . . .     SeeInvis .   a - +0 trident
rCold    . . .     Faith    .   (no shield)
rNeg     . . .     Spirit   .   b - +0 scale mail
rPois    .         Reflect  .   (no helmet)
rElec    .         Harm     .   (no cloak)
rCorr    .         Rampage  .   (no gloves)
Will     .....                  (no boots)
Stlth    ..........             (no amulet)
HPRegen  0.16/turn              (no ring)
MPRegen  0.10/turn              (no ring)

@: no status effects
A: no striking features
a: no special abilities


You were on level 3 of the Dungeon.
You visited 1 branch of the dungeon, and saw 3 of its levels.

You collected 169 gold pieces.

Inventory:

Hand Weapons
 a - a +0 trident (weapon)
 m - a +0 spear
Missiles
 h - 8 atropa-tipped darts (quivered)
 q - 2 poisoned darts
Armour
 b - a +0 scale mail (worn)
 c - a +0 kite shield
Wands
 p - a wand of iceblast (11)
Scrolls
 f - a scroll of holy word {unknown}
 i - 2 scrolls of noise {unknown}
 j - 3 scrolls of identify {unknown}
 l - 2 scrolls of teleportation {unknown}
 n - a scroll of enchant weapon {unknown}
Potions
 d - a potion of might
 e - 2 potions of curing {unknown}
 g - 2 potions of resistance {unknown}
 k - a potion of attraction {unknown}
 o - a potion of brilliance {unknown}


   Skills:
 + Level 4.3 Fighting
 * Level 4.8 Polearms
 - Level 3.0 Armour
 - Level 3.0 Shields


You had 5 spell levels left.
You didn't know any spells.
Your spell library contained the following spells:

 Spells                   Type           Power      Damage    Failure   Level
 Ignite Poison            Fire/Tmut/Pois 0%         N/A       98%         3
 Mephitic Cloud           Conj/Pois/Air  0%         N/A       98%         3
 Bolt of Magma            Conj/Fire/Erth 0%         4d4       100%        5


Dungeon Overview and Level Annotations

Branches:
Dungeon (3/15)

Altars:
Vehumet


Message History

Something hits you.
You're too confused to move!
Something hits you but does no damage.
You bump into the rock wall.
Something hits you but does no damage.
You closely miss something. Something hits you but does no damage.
You miss something. Something hits you but does no damage.
You bump into the rock wall.
You feel less confused. Something hits you but does no damage.
You miss something. Something hits you but does no damage.
You barely miss something. Something hits you but does no damage.
You closely miss something. Something hits you but does no damage.
Your scale mail prevents you from hitting something.
Something hits you but does no damage.
You miss something. Something hits you but does no damage.
The orc priest looks braver for a moment.
You hit something. Something hits you but does no damage.
You miss something.
You hear some strange, mumbled words.
A magic dart appears from out of thin air!
The magic dart hits you but does no damage.
You puncture something!
Reactivating autopickup.
You feel a bit more experienced.
You have reached level 6!
Your experience leads to an increase in your attributes!
Increase (S)trength, (I)ntelligence, or (D)exterity?
You feel stronger.
Your scale mail prevents you from hitting the orc priest.
The orc priest hits you with a +0 hand axe.
You barely miss the orc priest.
The orc priest calls down the wrath of Beogh upon you.
Beogh smites you!
You closely miss the orc priest.
The orc priest calls down the wrath of Beogh upon you.
Beogh smites you!
* * * LOW HITPOINT WARNING * * *
You hit the orc priest.
The orc priest is moderately wounded.
The orc priest hits you with a +0 hand axe.
You die...

########.....# .............#
##...........##. #.#####........
#.# #.....### #.# #.#####
########. ##.# #.# #.o...ooo
...#####.############.#
#............>..@o.##.#
#.######.#####.###.##.# #.#
#.##....# #....# #.#
#.##.##.###.##.#
#.######.##.##.....##.##########
.........##.####.####..........#
............# #.# #.########.#
........##..# ##.# #.# #.#
#.#####.##..# #..# #.# #.#


You could see an orc priest.

Vanquished Creatures
  An orc priest (D:3)
  Ijyb (D:3)
  An orc wizard (D:3)
  2 adders (D:2)
  3 gnolls (D:2)
  3 dart slugs
  4 orcs
  6 endoplasms
  A giant cockroach (D:1)
  3 hobgoblins
  4 jackals (D:2)
  2 quokkas (D:1)
  8 ball pythons
  3 bats
  5 frilled lizards
  4 goblins
  12 kobolds
  3 rats
66 creatures vanquished.

Vanquished Creatures (others)
  2 orcs (D:3)
  A giant cockroach (D:3)
  A quokka (D:3)
  2 bats (D:3)
  9 plants (D:3)
15 creatures vanquished.

Grand Total: 81 creatures vanquished

Notes
Turn   | Place    | Note
-------+----------+-------------------------------------------
     0 | D:1      | duskshroud the Human Fighter began the quest for the Orb.
     0 | D:1      | Reached XP level 1. HP: 18/18 MP: 1/1
   235 | D:1      | Reached XP level 2. HP: 24/24 MP: 2/2
   481 | D:1      | Found a faded altar of an unknown god.
   648 | D:1      | Reached XP level 3. HP: 29/29 MP: 3/3
  1412 | D:2      | Reached XP level 4. HP: 31/35 MP: 4/4
  2077 | D:2      | Reached XP level 5. HP: 42/42 MP: 5/5
  2276 | D:3      | Noticed Ijyb
  2309 | D:3      | Killed Ijyb
  2643 | D:3      | Found a radiant altar of Vehumet.
  2818 | D:3      | Reached XP level 6. HP: 29/49 MP: 6/6
  2821 | D:3      | Slain by an orc priest

Illustrated notes

Levels and vault maps discovered:
D:1:      nicolae_arrival_washed_ashore, layout_loops_cross,
          ebering_ecumenical_altar_sacrificial, hex_medium,
          hangedman_glass_teeth
D:2:      minmay_evil_eye, layout_loops_cross
D:3:      layout_loops_ring, fiery_altar_vehumet, lexackson_kobold_supper,
          uniq_ijyb

Skill      XL: |  1  2  3  4  5 |
---------------+----------------+-----
Polearms       | 3 4 |  4.8
Fighting       | 4 |  4.3
Armour         | |  3.0
Shields        | |  3.0

Action                   |  1- 3 |  4- 6 || total
-------------------------+-------+-------++-------
Melee: Trident           |    83 |   167 ||   250
Armor: Scale mail        |    18 |    67 ||    85
Dodge: Dodged            |    39 |    45 ||    84

Table legend: (Time is in decaauts)
 A = Elapsed time spent in this place.
 B = Non-inter-level travel time spent in this place.
 C = Inter-level travel time spent in this place.
 D = Time resting spent in this place.
 E = Time spent auto-exploring this place.
 F = Levels seen in this place.
 G = Mean time per level.
                   A        B        C        D        E       F      G
               +--------+--------+--------+--------+--------+-----+--------+
         Total |   2852 |   2705 |    147 |    499 |   1549 |   3 |  950.7 |
       Dungeon |   2852 |   2705 |    147 |    499 |   1549 |   3 |  950.7 |
               +--------+--------+--------+--------+--------+-----+--------+

Top non-repeatable levels by time:
     D:1: 1192 daAuts
     D:2: 954 daAuts
     D:3: 705 daAuts
